 Dungeon Crawl Stone Soup version 0.30-a0-321-gf7783e6616 (webtiles) character file.

Game seed: 10310487129666605141

6 Jorund the Caller (level 1, 0/19 HPs)
             Began as a Gnoll Wanderer on Oct 26, 2022.
             Slain by a gnoll
             ... wielding a +0 spear
              (6 damage)
             ... on level 1 of the Dungeon.
             The game lasted 00:00:52 (200 turns).

Jorund the Caller (Gnoll Wanderer)                   Turns: 200, Time: 00:00:53

Health: 0/19       AC: 20    Str:  9    XL:     1   Next: 90%
Magic:  4/4        EV:  2    Int: 14    God:
Gold:   14         SH:  0    Dex: 10    Spells: 5/5 levels left

rFire   . . .      SeeInvis .    e - +1 whip (elec)
rCold   . . .      Faith    .    (no shield)
rNeg    . . .      Spirit   .    (body armour currently unavailable)
rPois   +          Reflect  .    (helmet currently unavailable)
rElec   .          Harm     .    (cloak currently unavailable)
rCorr   .          Rampage  .    (gloves currently unavailable)
Will    .....      NoTele   +    (boots currently unavailable)
Stlth   ++........               (no amulet)
HPRegen 0.23/turn                (no ring)
MPRegen 0.09/turn                (no ring)

@: tree-form
A: stationary, stasis, torment immunity, boosted hp, (fangs 1), strong nose,
distributed training
a: no special abilities


You were on level 1 of the Dungeon.
You were a tree.
You visited 1 branch of the dungeon, and saw 1 of its levels.

You collected 14 gold pieces.

Inventory:

Hand Weapons
 a - a +0 dagger
 e - a +1 whip of electrocution (weapon)
Armour
 c - a +0 robe (melded)
 d - a +0 pair of gloves (melded)
Potions
 f - a potion of invisibility {unknown}


   Skills:
 + Level 0.2 Fighting
 + Level 0.2 Short Blades
 + Level 0.2 Long Blades
 + Level 0.2 Axes
 + Level 0.2 Maces & Flails
 + Level 0.2 Polearms
 + Level 0.2 Staves
 + Level 0.2 Ranged Weapons
 + Level 0.2 Throwing
 + Level 2.4 Armour
 + Level 2.4 Dodging
 + Level 2.2 Stealth
 + Level 0.2 Shields
 + Level 0.2 Unarmed Combat
 + Level 2.6 Spellcasting
 + Level 0.1 Conjurations
 + Level 0.1 Hexes
 + Level 7.0 Summonings
 + Level 0.1 Necromancy
 + Level 0.1 Translocations
 + Level 0.1 Transmutations
 + Level 0.1 Fire Magic
 + Level 3.6 Ice Magic
 + Level 0.1 Air Magic
 + Level 0.1 Earth Magic
 + Level 0.1 Poison Magic
 + Level 0.3 Invocations
 + Level 0.2 Evocations


You had 5 spell levels left.
You didn't know any spells.
Your spell library contained the following spells:

 Spells                   Type           Power      Damage    Failure   Level
 Summon Small Mammal      Summ           84%        N/A       1%          1
 Freeze                   Ice            48%        1d6       4%          1
 Summon Guardian Golem    Hex/Summ       12%        N/A       16%         3
 Summon Ice Beast         Ice/Summ       16%        N/A       24%         4
 Hailstorm                Conj/Ice       7%         3d4       30%         3


Dungeon Overview and Level Annotations

Branches:
Dungeon (1/15)

Altars:


Innate Abilities, Weirdness & Mutations

You are a tree.
Your roots penetrate the ground, keeping you stationary.
You cannot be teleported.
You are immune to unholy pain and torment.
Your maximum health is greatly increased.
Your equipment is partially melded.
((You have very sharp teeth.))
Your uncanny sense of smell can sniff out nearby items.
Your experience applies equally to all skills.


Message History

You hit the hobgoblin.
You kill the hobgoblin!
The gnoll barely misses you.
Found a stone staircase leading down.
The gnoll closely misses you.
You hit the gnoll.
The gnoll is moderately wounded.
The gnoll hits you with a +0 spear.
You barely miss the gnoll.
The gnoll is moderately wounded.
The gnoll hits you with a +0 spear.
You are too injured to fight recklessly!
Really quaff the potion of lignification? [Y]es or [N]o only, please.
Really quaff the potion of lignification? [Y]es or [N]o only, please.
Really quaff the potion of lignification?
You turn into a tree.
Your +0 pair of gloves melds into your body.
Your +0 robe melds into your body.
Your roots penetrate the ground.
The gnoll hits you but does no damage.
Unknown command.
You barely miss the gnoll.
The gnoll is moderately wounded.
The gnoll hits you but does no damage.
You closely miss the gnoll.
The gnoll is moderately wounded.
The gnoll hits you but does no damage.
You hit the gnoll.
The gnoll is severely wounded.
The gnoll barely misses you.
You hit the gnoll.
The gnoll is severely wounded.
The gnoll hits you but does no damage.
You barely miss the gnoll.
The gnoll is severely wounded.
The gnoll hits you with a +0 spear.
You closely miss the gnoll.
The gnoll is severely wounded.
The gnoll hits you but does no damage. The gnoll hits you with a +0 spear.
You die...

.###....##.......# .#
##.#..+ .. ... .# #(####
∆. .. .# #.# ∆ .# ..
.####.# .##.# ......# ∆
..#.# ..†...#
#####...##+##
..###.####.#..†........#
...........#....♣g.....#
....#.######...........#
........................
..#.#.############.##..#
..#.#.# .# .> ..#.#.# ##
# ..#.#.# ..# #.# #.#


You could see a gnoll.

Vanquished Creatures
  2 giant cockroaches (D:1)
  A hobgoblin (D:1)
  2 bats (D:1)
  A frilled lizard (D:1)
6 creatures vanquished.

Notes
Turn   | Place    | Note
-------+----------+-------------------------------------------
     0 | D:1      | Jorund the Gnoll Wanderer began the quest for the Orb.
     0 | D:1      | Jorund set off with the following items: a +0 dagger, a
                  | potion of lignification, a +0 robe, a +0 pair of gloves;
                  | and the following spells available to memorise: Summon
                  | Small Mammal, Freeze, Summon Guardian Golem, Summon Ice
                  | Beast, Hailstorm.
     0 | D:1      | Reached XP level 1. HP: 13/13 MP: 4/4
   200 | D:1      | Slain by a gnoll

Illustrated notes

Levels and vault maps discovered:
D:1:      heliophobic_arrival_battle_scene, layout_basic

Action                   || total
-------------------------++-------
Melee: Whip              ||    35
       Punch             ||     1
       Bite              ||     1
  Use: Potion            ||     1
 Stab: Sleeping          ||     2
Armor: Robe              ||    11
       Skin              ||     5
Dodge: Dodged            ||    32

Table legend: (Time is in decaauts)
 A = Elapsed time spent in this place.
 B = Non-inter-level travel time spent in this place.
 C = Inter-level travel time spent in this place.
 D = Time resting spent in this place.
 E = Time spent auto-exploring this place.
 F = Levels seen in this place.
 G = Mean time per level.
                   A        B        C        D        E       F      G
               +--------+--------+--------+--------+--------+-----+--------+
         Total |    202 |    202 |      0 |      0 |    116 |   1 |  202.0 |
       Dungeon |    202 |    202 |      0 |      0 |    116 |   1 |  202.0 |
               +--------+--------+--------+--------+--------+-----+--------+

Top non-repeatable levels by time:
     D:1: 202 daAuts
